 Dungeon Crawl Stone Soup version 0.16-a0-44-gd96af6c (webtiles) character file.

9488 Herrn the Fighter (level 11, -6/72 HPs)
             Began as a Tengu Fighter on Aug 5, 2014.
             Was the Champion of Cheibriados.
             Killed from afar by a ynoxinul (23 damage)
             ... with an iron shot
             ... on Level 1 of the Abyss.
             The game lasted 00:35:58 (9178 turns).

Herrn the Fighter (Tengu Fighter)                   Turns: 9178, Time: 00:35:58

HP  -6/72        AC 11     Str 31      XL: 11   Next: 47%
MP  13/13        EV 19     Int 23      God: Cheibriados [******]
Gold 585         SH 15     Dex 33      Spells:  1 memorised, 11 levels left

rFire  + . .     SeeInvis .     l - +0 war axe (chop)
rCold  . . .     Clarity  .     P - +1 ring mail {rC+}
rNeg   . . .     rCorr    .     c - +1 shield
rPois  .         rRot     .     (helmet restricted)
rElec  +         Spirit   .     b - +2 cloak "Tudd" {rElec}
SustAb .         Warding  .     o - +1 pair of gloves
rMut   .         Stasis   .     (boots unavailable)
Gourm  .                        (no amulet)
MR     .....                    Q - ring of loudness
                                n - ring of fire

@: very slow, not resistant to hostile enchantments, very unstealthy
A: able to fly, beak, claws 1, talons 3, deformed body, deterioration 2, low mp
3, no device heal 1
a: Fly, Bend Time, Temporal Distortion, Slouch, Step From Time, Renounce
Religion


You were on level 1 of the Abyss.
You worshipped Cheibriados.
Cheibriados was exalted by your worship.
You were hungry.

You visited 2 branches of the dungeon, and saw 11 of its levels.
You visited the Abyss 1 time.
You also visited: Ossuary.

You collected 585 gold pieces.

Inventory:

Hand weapons
 l - a +0 war axe of chopping (weapon)
 y - a -1 executioner's axe
 I - a +0 broad axe
Armour
 b - the +2 cloak "Tudd" (worn) {rElec}
   (You found it on level 10 of the Dungeon)

   It insulates you from electricity.
 c - a +1 shield (worn)
 o - a +1 pair of gloves (worn)
 P - a +1 ring mail of cold resistance (worn)
Magical devices
 z - a wand of invisibility (2)
 B - a wand of lightning (11)
 L - a wand of magic darts (16)
 N - a wand of magic darts (11)
 S - a wand of confusion (18) {unknown}
 T - a wand of invisibility (4)
 U - a wand of draining (2) {unknown}
Comestibles
 d - 10 bread rations
 h - 5 meat rations
 k - 5 fruits
 s - 3 slices of pizza
Scrolls
 a - 2 scrolls of fog {unknown}
 e - a scroll of immolation {unknown}
 f - 3 scrolls of fear {unknown}
 i - a scroll of random uselessness {unknown}
 j - 4 scrolls of amnesia {unknown}
 p - 5 scrolls of remove curse
 r - a scroll of vulnerability {unknown}
 t - 2 scrolls of enchant armour
 u - a scroll of identify
 A - 2 scrolls of magic mapping
 E - 5 scrolls of teleportation {unknown}
 H - a scroll of enchant weapon {unknown}
 J - 3 scrolls of recharging
 W - 2 scrolls of acquirement {unknown}
 X - a scroll of blinking {unknown}
Jewellery
 n - a ring of fire (left hand)
 Q - a ring of loudness (right hand)
Potions
 g - 3 potions of magic
 m - a potion of might
 q - 6 potions of resistance
 v - 2 potions of haste
 w - 2 potions of curing
 C - 2 potions of invisibility
 D - 2 potions of flight
 F - 2 potions of mutation {unknown}
 G - 4 potions of brilliance
 K - 3 potions of berserk rage {unknown}
 M - a potion of restore abilities {unknown}
 O - a potion of agility {unknown}
 R - a potion of heal wounds
Books
 x - a book of Minor Magic

   Spells                             Type                      Level
   Magic Dart                         Conjuration                  1
   Blink                              Translocation                2
   Call Imp                           Summoning                    2
   *Repel Missiles                    Charms/Air                   2
   Slow                               Hexes                        2
   Conjure Flame                      Conjuration/Fire             3
   Mephitic Cloud                     Conjuration/Poison/Air       3


   Skills:
 * Level 9.8 Fighting
 + Level 8.3(8.6) Axes
   Level 2.6(5.9) Maces & Flails
 + Level 8.0 Armour
 + Level 8.0 Dodging
 + Level 8.1 Shields
 * Level 1.8 Spellcasting
 * Level 2.5 Air Magic
 - Level 0.2 Evocations


You had 11 spell levels left.
You knew the following spells:

 Your Spells              Type           Power        Failure   Level  Hunger
a - Repel Missiles        Chrm/Air       #.....       30%         2    ##.....


Dungeon Overview and Level Annotations

Branches:
Dungeon (10/15)            Temple (1/1) D:4
    Orc: D:9-12        Lair: D:8-11

Altars:
Ashenzari
Cheibriados
Dithmenos
Fedhas
Kikubaaqudgha
Sif Muna
Xom
Yredelemnul

Annotations:
D:10 Sonja


Innate Abilities, Weirdness & Mutations

You can fly.
You have a beak for a mouth.
You have claws for feet.
You have sharp fingernails.
[Armour fits poorly on your strangely shaped body.]
[Your body is deteriorating.]
[Your magical capacity is extremely low (-30% MP).]
[Potions and wands are less effective at restoring your health.]


Message History

You slash the small abomination! You claw the small abomination.
You peck the small abomination.
The small abomination is heavily damaged.
You block the small abomination's attack.
You slash the small abomination! You claw the small abomination.
You destroy the small abomination!
Cheibriados appreciates the change of pace.
You start resting.
Found a shimmering altar of Xom.
You start resting.
A ynoxinul comes into view.
A ynoxinul is nearby!
The ynoxinul bellows!
The ynoxinul gestures at you. You block the iron shot.
The ynoxinul gestures at you. You block the iron shot.
The ynoxinul gestures at you. The iron shot hits you!
You die...

# .#.# . ..# .#
.....## ##
.##..####.#
##.#......# #.
#....#....## ..
.........# .##..
#..
#.#...####._3....
# # . # #..@...#
. # .###.####
.##.# # #... ##
#..... #.#..#..
.###.# # .# .


You could see a ynoxinul.

Vanquished Creatures
  A wretched star (Abyss:1)
  A large abomination (Abyss:1)
  Joseph (D:7)
  An orange demon (Abyss:1)
  A smoke demon (Abyss:1)
  A worldbinder (Abyss:1)
  2 two-headed ogres
  2 trolls (D:10)
  The ghost of moorlo the Sneak, an average NaIE (D:4)
  A neqoxec (Abyss:1)
  A human (D:5)
  A hungry ghost (D:9)
  A small abomination (Abyss:1)
  3 orc warriors
  2 hippogriffs
  A soldier ant (D:10)
  A phantom (D:5)
  The ghost of Herrn the Shield-Bearer, an average FoFi (D:3)
  A necrophage (D:9)
  4 centaurs
  An elf zombie (Ossuary)
  Duvessa (D:9)
  3 big kobolds
  8 ogres
  4 giant frogs
  A troll zombie (D:9)
  9 scorpions
  An eye of draining (D:9)
  A troll skeleton (D:8)
  5 wights (D:8)
  A yak skeleton (D:8)
  Dowan (D:9)
  6 crimson imps
  3 goliath beetles
  2 giant frog zombies
  2 centaur zombies (Ossuary)
  2 quasits
  A human zombie (Ossuary)
  2 jellies
  Crazy Yiuf (D:3)
  3 orc priests
  2 iguanas
  7 hounds
  6 orc wizards
  9 worker ants
  Ijyb (D:6)
  4 ogre zombies
  A hound skeleton (D:4)
  7 mummies (Ossuary)
  2 orc skeletons
  A scorpion zombie (D:8)
  9 adders
  4 gnolls (D:4)
  3 shadow imps
  5 giant mites (D:5)
  An inept feature mimic (D:7)
  4 worms
  2 ufetubi (Abyss:1)
  An iguana skeleton (D:6)
  2 orc zombies
  An adder skeleton (D:10)
  6 adder zombies
  4 giant geckos
  40 orcs
  2 ball pythons
  18 bats
  2 giant cockroaches
  20 hobgoblins
  4 jackals
  4 quokkas
  A ball python zombie (D:7)
  A giant gecko skeleton (D:4)
  4 giant newts
  A giant spore (D:10)
  10 goblins
  A goblin skeleton (D:4)
  2 goblin zombies (Ossuary)
  A hobgoblin skeleton (D:7)
  4 hobgoblin zombies
  A jackal zombie (D:7)
  29 kobolds
  6 kobold zombies (Ossuary)
  4 quokka zombies (Ossuary)
  15 rats
  A rat skeleton (D:4)
  3 rat zombies (Ossuary)
  2 ballistomycetes (D:10)
  A butterfly (D:4)
345 creatures vanquished.

Vanquished Creatures (others)
  Erica (D:10)
  An orc wizard (D:10)
  A fungus (D:5)
3 creatures vanquished.

Grand Total: 348 creatures vanquished

Notes
Turn   | Place    | Note
--------------------------------------------------------------
     0 | D:1      | Herrn, the Tengu Fighter, began the quest for the Orb.
     0 | D:1      | Reached XP level 1. HP: 14/14 MP: 1/1
   233 | D:1      | Reached XP level 2. HP: 19/19 MP: 3/3
  1058 | D:2      | Reached XP level 3. HP: 14/23 MP: 4/4
  1550 | D:2      | Reached skill level 1 in Dodging
  1550 | D:2      | Reached XP level 4. HP: 20/29 MP: 5/5
  1772 | D:2      | Found a shadowy altar of Dithmenos.
  1834 | D:3      | Noticed Herrn's ghost (average FoFi)
  1838 | D:3      | Killed Herrn's ghost
  1838 | D:3      | Reached skill level 4 in Fighting
  1838 | D:3      | Reached skill level 1 in Axes
  1838 | D:3      | Reached XP level 5. HP: 29/33 MP: 7/7
  2173 | D:3      | Noticed Crazy Yiuf
  2178 | D:3      | Killed Crazy Yiuf
  2585 | D:4      | Reached XP level 6. HP: 33/38 MP: 8/8
  2617 | D:4      | Noticed moorlo's ghost (average NaIE)
  2619 | D:4      | Noticed an ogre
  2625 | D:4      | Killed an ogre
  2634 | D:4      | Killed moorlo's ghost
  2634 | D:4      | Reached XP level 7. HP: 22/44 MP: 9/9
  2823 | D:4      | Reached skill level 5 in Armour
  3058 | D:4      | Reached skill level 5 in Fighting
  3217 | D:4      | Found a staircase to the Ecumenical Temple.
  3229 | Temple   | Entered the Ecumenical Temple
  3238 | Temple   | Became a worshipper of Cheibriados the Contemplative
  3360 | D:5      | Entered Level 5 of the Dungeon
  3592 | D:5      | Reached XP level 8. HP: 50/50 MP: 11/11
  3939 | D:5      | Noticed a human
  3944 | D:5      | Found a basalt altar of Yredelemnul.
  3950 | D:5      | Killed a human
  3950 | D:5      | Reached skill level 5 in Shields
  4404 | D:6      | Reached skill level 6 in Fighting
  4429 | D:6      | Found a sand-covered staircase.
  4438 | Ossuary  | Entered an ossuary
  4704 | Ossuary  | Reached XP level 9. HP: 50/56 MP: 12/12
  4740 | Ossuary  | Reached skill level 5 in Axes
  4843 | D:6      | Noticed Ijyb
  4847 | D:6      | Killed Ijyb
  5023 | D:6      | Acquired Cheibriados' first power
  5124 | D:6      | Reached skill level 7 in Fighting
  5641 | D:6      | Reached skill level 5 in Dodging
  6054 | D:7      | Found a staircase to the Ecumenical Temple.
  6068 | D:7      | the staircase to the Ecumenical Temple was a mimic.
  6129 | D:7      | Acquired Cheibriados' second power
  6261 | D:7      | Noticed Joseph
  6284 | D:7      | Killed Joseph
  7039 | D:8      | Reached XP level 10. HP: 44/64 MP: 13/13
  7100 | D:8      | Reached skill level 8 in Fighting
  7142 | D:8      | Acquired Cheibriados' third power
  7706 | D:9      | Noticed Duvessa
  7707 | D:9      | Noticed Dowan
  7712 | D:9      | Killed Duvessa
  7724 | D:9      | Killed Dowan
  8410 | D:9      | Reached skill level 9 in Fighting
  8584 | D:10     | Entered Level 10 of the Dungeon
  8804 | D:10     | Learned a level 2 spell: Repel Missiles
  8825 | D:10     | Reached XP level 11. HP: 71/71 MP: 15/15
  8873 | D:10     | Found a shimmering altar of Xom.
  8954 | D:10     | Got an ancient cloak
  8966 | D:10     | Identified the +2 cloak "Tudd" {rElec} (You found it on level 10 of the Dungeon)
  8974 | D:10     | Noticed Erica
  8977 | D:10     | Noticed Sonja
  8980 | D:10     | Killed Erica
  8980 | D:10     | Reached skill level 1 in Spellcasting
  8980 | D:10     | Reached skill level 1 in Air Magic
  8990 | D:10     | Cast into the Abyss (Sonja)
  9052 | Abyss:1  | Gained mutation: You have sharp fingernails. [a neqoxec]
  9056 | Abyss:1  | Gained mutation: [Your magical capacity is low (-10% MP).] [a neqoxec]
  9067 | Abyss:1  | Noticed a large abomination
  9070 | Abyss:1  | Killed a large abomination
  9097 | Abyss:1  | Noticed a wretched star
  9108 | Abyss:1  | Killed a wretched star
  9158 | Abyss:1  | Found a shimmering altar of Xom.
  9178 | Abyss:1  | Killed from afar by a ynoxinul

Action                   |  1- 3 |  4- 6 |  7- 9 | 10-12 || total
-------------------------+-------+-------+-------+-------++-------
Melee: Flail             |    65 |       |       |       ||    65
       War axe           |    27 |    55 |   400 |   222 ||   704
 Abil: Fly               |       |       |     1 |     1 ||     2
Evoke: Wand              |       |       |     2 |     1 ||     3
  Use: Potion            |       |     2 |       |     1 ||     3
       Scroll            |       |     4 |     8 |     1 ||    13
 Stab: Distracted        |       |       |     1 |       ||     1
  Eat: Chunk             |     1 |     5 |     9 |     5 ||    20
       Beef jerky        |       |       |     2 |       ||     2
